Workbook

Sheet Instruction
A1: Individual assignments (Due: 25 March 2019) - print out
A2: >> Calculate actual return (internal rate of return) from life insurance contract 20/8.
A3: >> Compute IRR at different level of personal income tax rates.
A5: Group assignments (Due: 1 April 2019) - email
A6: 1. Select ONE insurance company and its products.
A7: 2. Choose at least 3 products and compute actual return (IRR).
A8: 3. Suggest which one is the best.

Sheet 208

Sheet 105
J1: Premiums | K1: 100000 | L1: Tax rate | M1: 0.1
J2: Inflow | K2: 0.06
J3: IRR => | K3: =IRR(N5:N15) -> 0.028115808
J4: Year | K4: Pay | L4: Inflow | M4: Tax saving | N4: Net Cash | P4: Tax Rate | Q4: =K3 -> 0.028115808
J5: 0 | K5: =-$K$1 -> -100000 | M5: =-$M$1*K5 -> 10000 | N5: =SUM(K5:M5) -> -90000 | P5: 0.05 | Q5: 0.020717758
J6: 1 | K6: =-$K$1 -> -100000 | L6: =$K$2*$K$1 -> 6000 | M6: =-$M$1*K6 -> 10000 | N6: =SUM(K6:M6) -> -84000 | P6: 0.1 | Q6: 0.028115808
J7: 2 | K7: =-$K$1 -> -100000 | L7: =$K$2*$K$1 -> 6000 | M7: =-$M$1*K7 -> 10000 | N7: =SUM(K7:M7) -> -84000 | P7: 0.15 | Q7: 0.036006035
J8: 3 | K8: =-$K$1 -> -100000 | L8: =$K$2*$K$1 -> 6000 | M8: =-$M$1*K8 -> 10000 | N8: =SUM(K8:M8) -> -84000 | P8: =P7+5% -> 0.2 | Q8: 0.044454778
J9: 4 | K9: =-$K$1 -> -100000 | L9: =$K$2*$K$1 -> 6000 | M9: =-$M$1*K9 -> 10000 | N9: =SUM(K9:M9) -> -84000 | P9: =P8+5% -> 0.25 | Q9: 0.053542453
J10: 5 | L10: =$K$2*$K$1 -> 6000 | N10: =SUM(K10:M10) -> 6000 | P10: =P9+5% -> 0.3 | Q10: 0.063367792
J11: 6 | L11: =$K$2*$K$1 -> 6000 | N11: =SUM(K11:M11) -> 6000 | P11: =P10+5% -> 0.35 | Q11: 0.074053789
J12: 7 | L12: =$K$2*$K$1 -> 6000 | N12: =SUM(K12:M12) -> 6000
J13: 8 | L13: =$K$2*$K$1 -> 6000 | N13: =SUM(K13:M13) -> 6000
J14: 9 | L14: =$K$2*$K$1 -> 6000 | N14: =SUM(K14:M14) -> 6000
J15: 10 | L15: =500%*K1 -> 500000 | N15: =SUM(K15:M15) -> 500000
J16: Total | K16: =SUM(K5:K15) -> -500000 | L16: =SUM(L6:L15) -> 554000 | M16: =SUM(M5:M15) -> 50000
J17: Profit | L17: =L16+K16+M16 -> 104000
J18: Simple return (10 years) | L18: =SUM(L16:M16)/(-K16)-1 -> 0.208
J19: Simple return per year | L19: =L18/J15 -> 0.0208

Sheet 113
G1: Premiums | H1: 100000 | I1: Tax rate | J1: 0.1
G2: Inflow | H2: 0.06
G3: IRR => | H3: =IRR(K5:K16) -> 0.035559103 | N3: 11/3 | O3: 10/5
G4: Year | H4: Pay | I4: Inflow | J4: Tax saving | K4: Net Cash | M4: Tax Rate | N4: =H3 -> 0.035559103 | O4: ='105'!Q4 -> 0.028115808
G5: 0 | H5: =-$H$1 -> -100000 | J5: =-H5*$J$1 -> 10000 | K5: =SUM(H5:J5) -> -90000 | M5: 0.05 | N5: 0.029313277 | O5: ='105'!Q5 -> 0.020717758
G6: 1 | H6: =-$H$1 -> -100000 | I6: =$H$2*$H$1 -> 6000 | J6: =-H6*$J$1 -> 10000 | K6: =SUM(H6:J6) -> -84000 | M6: 0.1 | N6: 0.035559103 | O6: ='105'!Q6 -> 0.028115808
G7: 2 | H7: =-$H$1 -> -100000 | I7: =$H$2*$H$1 -> 6000 | J7: =-H7*$J$1 -> 10000 | K7: =SUM(H7:J7) -> -84000 | M7: 0.15 | N7: 0.042231613 | O7: ='105'!Q7 -> 0.036006035
G8: 3 | I8: =$H$2*$H$1 -> 6000 | K8: =SUM(H8:J8) -> 6000 | M8: =M7+5% -> 0.2 | N8: 0.049389668 | O8: ='105'!Q8 -> 0.044454778
G9: 4 | I9: =$H$2*$H$1 -> 6000 | K9: =SUM(H9:J9) -> 6000 | M9: =M8+5% -> 0.25 | N9: 0.057104893 | O9: ='105'!Q9 -> 0.053542453
G10: 5 | I10: =$H$2*$H$1 -> 6000 | K10: =SUM(H10:J10) -> 6000 | M10: =M9+5% -> 0.3 | N10: 0.065465594 | O10: ='105'!Q10 -> 0.063367792
G11: 6 | I11: =$H$2*$H$1 -> 6000 | K11: =SUM(H11:J11) -> 6000 | M11: =M10+5% -> 0.35 | N11: 0.074582288 | O11: ='105'!Q11 -> 0.074053789
G12: 7 | I12: =$H$2*$H$1 -> 6000 | K12: =SUM(H12:J12) -> 6000
G13: 8 | I13: =$H$2*$H$1 -> 6000 | K13: =SUM(H13:J13) -> 6000
G14: 9 | I14: =$H$2*$H$1 -> 6000 | K14: =SUM(H14:J14) -> 6000
G15: 10 | I15: =$H$2*$H$1 -> 6000 | K15: =SUM(H15:J15) -> 6000
G16: 11 | I16: =310%*H1 -> 310000 | K16: =SUM(H16:J16) -> 310000
G17: Total | H17: =SUM(H5:H16) -> -300000 | I17: =SUM(I6:I16) -> 370000 | J17: =SUM(J5:J16) -> 30000
G18: Profit | I18: =SUM(H17:I17) -> 70000 | J18: =SUM(I17:J17)+H17 -> 100000
G19: Simple return (10 years) | I19: =I18/-H17 -> 0.23333333 | J19: =J18/-H17 -> 0.33333333
G20: Simple return per year | I20: =I19/G16 -> 0.021212121 | J20: =J19/11 -> 0.03030303
